AoeStats
← MyGO.Soyo

Arena

509314393Analyzed
4v4 RM · 7d ago on Sep 26, 2026· 42m 30s· 8 players
Game mode
Random Map
Map size
Large (8 player)
Population
200
Speed
Normal
Resources
Standard
Victory
Conquest
Starting age
Dark Age
Ending age
Imperial Age
RankedLock teamsTeams togetherTeam positionsShared explorationLock speedFull tech treeHidden civsTurbo modeCheats
Victory
Defeat
🇹🇼 Vietnamese · Taiwan
1175
+15
🇨🇳 Saxons · China
1173
+15
🇮🇳 Cumans · India
1159
+15
🇹🇼 Khmer · Taiwan
1123
+17
🇪🇸 Japanese · Spain
1161
-16
🇸🇰 Britons · Slovakia
1150
-16
🇪🇸 Koreans · Spain
1133
-15
🇲🇽 Saxons · Mexico
1130
-15
Kebab do ruky
11:04 Feudal Age
17:02 Castle Age
15:39 Loom
19:04 Double-Bit Axe
19:01 Horse Collar
22:22 Wheelbarrow
22:32 Bow Saw
25:38 Pikeman
26:37 Scale Mail Armor
27:12 Crossbowman
29:16 Ballistics
29:29 Fletching
30:22 Heavy Plow
30:53 Bodkin Arrow
34:20 Imperial Age
34:31 Forging
34:25 Halberdier
37:12 Chain Mail Armor
37:18 Hand Cart
38:56 Plate Mail Armor
39:45 Squires
41:23 Iron Casting
40:49 Bracer
41:27 Siege Engineers
41:11 Arbalester
42:34 Town Watch
42:52 Padded Archer Armor
43:53 Blast Furnace
Roke6
10:29 Feudal Age
14:33 Castle Age
12:47 Loom
13:15 Double-Bit Axe
13:23 Horse Collar
14:34 Stone Mining
21:24 Fletching
22:26 Bow Saw
25:42 Bodkin Arrow
26:31 Scale Mail Armor
33:13 Imperial Age
30:46 Pikeman
31:27 Squires
32:32 Gold Mining
34:17 Chain Mail Armor
34:59 Halberdier
Pos3YDoN86
10:00 Feudal Age
14:13 Castle Age
12:49 Scale Mail Armor
12:43 Double-Bit Axe
13:10 Horse Collar
14:37 Forging
14:38 Man-at-Arms
17:04 Loom
16:46 Long Swordsman
21:43 Squires
24:54 Wheelbarrow
24:30 Bow Saw
26:11 Chain Mail Armor
29:43 Gambesons
29:45 Arson
31:10 Hand Cart
34:15 Imperial Age
33:36 Iron Casting
33:05 Town Watch
34:56 Heavy Plow
35:38 Conscription
35:28 Fletching
37:29 Bodkin Arrow
39:17 Two-Man Saw
39:33 Plate Mail Armor
43:19 Blast Furnace
Gonnar
11:04 Feudal Age
15:48 Castle Age
Jason
7:25 Loom
10:29 Feudal Age
11:22 Double-Bit Axe
11:18 Horse Collar
11:28 Gold Mining
12:58 Wheelbarrow
17:20 Castle Age
18:21 Bloodlines
18:12 Husbandry
20:24 Forging
20:20 Scale Barding Armor
23:27 Chain Barding Armor
23:43 Iron Casting
37:05 Hand Cart
41:18 Heavy Plow
hello are you ok
1:02 Loom
10:31 Feudal Age
14:27 Castle Age
12:46 Double-Bit Axe
13:55 Horse Collar
15:48 Bow Saw
16:15 Heavy Plow
16:26 Stone Mining
16:56 Town Watch
25:13 Scale Barding Armor
25:19 Forging
25:23 Gold Mining
26:13 Stone Shaft Mining
25:54 Bloodlines
26:17 Husbandry
26:44 Chain Barding Armor
28:22 Gold Shaft Mining
30:56 Imperial Age
29:46 Tusk Swords
30:48 Wheelbarrow
31:05 Iron Casting
32:00 Conscription
31:05 Elite Battle Elephant
32:27 Plate Barding Armor
32:53 Blast Furnace
32:53 Crop Rotation
33:04 Fortified Wall
33:55 Chemistry
33:15 Ballistics
32:51 Murder Holes
35:51 Fletching
36:03 Elite Skirmisher
36:56 Imperial Skirmisher
40:27 Double Crossbow
40:27 Bodkin Arrow
40:33 Padded Archer Armor
MyGO.Soyo
12:39 Feudal Age
14:18 Wheelbarrow
14:18 Double-Bit Axe
16:53 Castle Age
15:07 Horse Collar
15:50 Scale Mail Armor
18:10 Bow Saw
18:06 Heavy Plow
19:03 Chain Mail Armor
20:06 Loom
20:55 Loom
27:53 Hand Cart
36:24 Treadmill Crane
36:55 Fortified Wall
37:07 Chain Mail Armor
37:03 Forging
39:54 Imperial Age
37:36 Gambesons
37:51 Squires
37:37 Arson
39:15 Iron Casting
38:34 Gold Mining
38:37 Stone Mining
38:44 Stone Mining
40:12 Elite Varangian Guard
41:22 Conscription
41:47 Gold Shaft Mining
41:02 Shield Wall
42:30 Plate Mail Armor
43:58 Chemistry
43:18 Ballistics
43:04 Siege Engineers
Ambarish Choudhary
6:45 Loom
8:43 Feudal Age
10:09 Double-Bit Axe
11:42 Horse Collar
14:35 Gold Mining
16:26 Wheelbarrow
21:22 Castle Age
20:38 Scale Barding Armor
20:44 Forging
21:13 Stone Mining
21:14 Fletching
22:28 Bow Saw
22:19 Heavy Plow
22:46 Chain Barding Armor
23:02 Iron Casting
25:32 Loom
26:03 Hand Cart
25:34 Town Watch
28:59 Imperial Age
26:01 Man-at-Arms
30:06 Squires
29:51 Arson
29:27 Long Swordsman
34:22 Imperial Age
33:04 Gold Shaft Mining
34:41 Bodkin Arrow
34:51 Town Patrol
37:26 Guilds
37:17 Caravan
37:48 Coinage
40:57 Bloodlines
40:07 Cavalier
41:24 Plate Barding Armor
41:50 Blast Furnace
41:51 Chemistry
40:47 Murder Holes
41:13 Ballistics
41:04 Masonry
41:41 Paladin
42:29 Scale Mail Armor
42:30 Padded Archer Armor
Connection lost

Rejoining the realm…

Still unreachable

The connection could not be restored.

Session expired

The server has moved on; the page needs a fresh start.